Match 47310024
Unlisted

Match 47310024
End
Pioneer Squad
Construct Infanterie Kompanie
MG 42 Machine Gun Team
MG 42 Machine Gun Team
Pioneer Squad
Medical Station
Grenadier Squad
Selects Breakthrough Battlegroup
Selects Assault Grenadiers
Selects Breakthrough
Infanterie Officer Quarters
Pioneer Squad
Construct Luftwaffe Kompanie
Support Elements
Selects Rapid Production
Wirbelwind Flakpanzer
Wirbelwind Flakpanzer
Marder III M Tank Destroyer
Pioneer Squad
Pioneer Squad
Selects Incendiary Bombing Run
Grenadier Squad
Wirbelwind Flakpanzer
Wirbelwind Flakpanzer
Pioneer Squad
Pioneer Squad
Incendiary Bombing Run
Marder III M Tank Destroyer
Marder III M Tank Destroyer
Marder III M Tank Destroyer
Pioneer Squad
Pioneer Squad
Incendiary Bombing Run
UNDERWORLD
House
Hime Sama
Shingles
wildwolfuk
communow1
0
0

Comments sign in to comment!

No comments posted yet!